 Dungeon Crawl Stone Soup version 0.28.0 (webtiles) character file.

Game seed: 7134111432629409406

121 Morbidden the Conjurer (level 4, -7/32 HPs)
             Began as a Demonspawn Conjurer on Feb 15, 2022.
             Mangled by a wyvern skeleton (12 damage)
             ... on level 3 of the Dungeon.
             The game lasted 00:02:19 (3037 turns).

Morbidden the Conjurer (Demonspawn Conjurer)        Turns: 3037, Time: 00:02:20

Health: -7/32      AC:  5    Str:  7    XL:     4   Next: 76%
Magic:  4/7        EV: 12    Int: 22    God:
Gold:   50         SH:  0    Dex: 11    Spells: 1/8 levels left

rFire   . . .      SeeInvis .   j - +1 whip (venom)
rCold   . . .      Faith    .   (no shield)
rNeg    . . .      Spirit   .   a - +0 robe
rPois   .          Reflect  .   (no helmet)
rElec   .          Harm     .   (no cloak)
rCorr   .          Rampage  .   (no gloves)
Will    .....                   (no boots)
Stlth   ++........              (no amulet)
HPRegen 0.10/turn               (no ring)
MPRegen 0.20/turn               (no ring)

@: invisible
A: yellow scales 2, magic regeneration
a: no special abilities


You were on level 3 of the Dungeon.
You visited 1 branch of the dungeon, and saw 3 of its levels.

You collected 50 gold pieces.

Inventory:

Hand Weapons
 b - a +0 short sword
 j - a +1 whip of venom (weapon)
Armour
 a - a +0 robe (worn)
Wands
 g - a wand of digging (5)
Scrolls
 c - a scroll of vulnerability {unknown}
 d - a scroll of identify {unknown}
 e - a scroll of magic mapping {unknown}
 f - a scroll of teleportation {unknown}
 i - a scroll of blinking {unknown}


   Skills:
 * Level 1.0 Fighting
 + Level 1.7 Short Blades
 + Level 2.0 Dodging
 + Level 1.9 Stealth
 + Level 0.1 Unarmed Combat
 * Level 2.5 Spellcasting
 * Level 5.0 Conjurations


You had one spell level left.
You knew the following spells:

 Your Spells              Type           Power      Damage    Failure   Level
a - Magic Dart            Conj           96%        1d7       1%          1
b - Searing Ray           Conj           48%        2d6       2%          2
c - Iskenderun's Mystic   Conj/Tloc      14%        2d5       41%         4

Your spell library contained the following spells:

 Spells                   Type           Power      Damage    Failure   Level
 Dazzling Flash           Conj/Hex       26%        N/A       14%         3
 Tukima's Dance           Hex            2%         N/A       36%         3
 Fulminant Prism          Conj/Hex       6%         3d7       43%         4
 Passage of Golubria      Tloc           3%         N/A       77%         4
 Yara's Violent Unravell  Hex/Tmut       1%         3d3       98%         5


Dungeon Overview and Level Annotations

Branches:
Dungeon (3/15)

Altars:


Innate Abilities, Weirdness & Mutations

You are mostly covered in yellow scales. (AC +3)
You regenerate magic rapidly.


Message History

You resist with some effort.
Unknown command.
Casting: Magic Dart (safe; 1% risk of failure)
Confirm with . or Enter, or press ? or * to list all spells.
Aiming: Magic Dart (safe; 1% risk of failure)
Press: ? - help, Shift-Dir - straight line, f - orc wizard
Aim: an orc wizard, wielding a +0 dagger and wearing a +0 robe (severely wounded, very poisoned, 100% to hit)
Okay, then.
Casting: Magic Dart (safe; 1% risk of failure)
Confirm with . or Enter, or press ? or * to list all spells.
Aiming: Searing Ray (safe; 2% risk of failure)
Press: ? - help, Shift-Dir - straight line The searing ray hits the orc wizard.
The orc wizard is almost dead.
The searing ray hits the ball python.
You kill the ball python!
The searing ray hits the frilled lizard!
You kill the frilled lizard! (Press . to maintain the ray.)
The orc wizard hits you with a +0 dagger.
The searing ray hits the orc wizard!
You kill the orc wizard!
The searing ray hits the wyvern skeleton!
The wyvern skeleton is moderately damaged.
Unknown command.
You hit the wyvern skeleton.
The wyvern skeleton is moderately damaged.
The wyvern skeleton barely misses you. The wyvern skeleton bites you.
Unknown command.
The wyvern skeleton bites you but does no damage.
The wyvern skeleton bites you.
You barely miss the wyvern skeleton.
The wyvern skeleton is moderately damaged.
The wyvern skeleton bites you.
* * * LOW HITPOINT WARNING * * *
Unknown command.
It was a potion of invisibility.
You fade into invisibility!
The wyvern skeleton bites you!
You die...

##........## #.# ##†.......##
#.# #..........# #.#
###..........# #.# +#
#............# #.# .# ..
#.#..........# #.###.###..
##.#..........# #..........
#..##........#######.........
..####..........@Z........##
..........###########.....##
......##### #(......#
......### #...>...# .........
#.......# ......### ##.....##
......# ##..w.# .<....#
####.# ......# #)#


You could see a wyvern skeleton.

Vanquished Creatures
  An orc wizard (D:3)
  A gnoll (D:1)
  2 adders
  2 worms (D:2)
  2 dart slugs
  3 orcs (D:3)
  3 endoplasms
  A giant cockroach (D:1)
  2 goblins
  3 hobgoblins
  5 jackals
  7 kobolds
  A quokka (D:3)
  7 ball pythons
  7 bats
  5 frilled lizards
  4 rats
56 creatures vanquished.

Notes
Turn   | Place    | Note
-------+----------+-------------------------------------------
     0 | D:1      | Morbidden the Demonspawn Conjurer began the quest for the
                  | Orb.
     0 | D:1      | Reached XP level 1. HP: 13/13 MP: 3/3
   492 | D:1      | Gained mutation: You are partially covered in yellow
                  | scales. (AC +2) [demonic ancestry]
   492 | D:1      | Reached XP level 2. HP: 20/20 MP: 3/5
  1165 | D:1      | Found a faded altar of an unknown god.
  1185 | D:1      | Gained mutation: You are mostly covered in yellow scales.
                  | (AC +3) [demonic ancestry]
  1185 | D:1      | Reached XP level 3. HP: 25/25 MP: 4/6
  2601 | D:2      | Reached skill level 1 in Short Blades
  2837 | D:3      | Gained mutation: You regenerate magic rapidly. [demonic
                  | ancestry]
  2837 | D:3      | Reached XP level 4. HP: 31/31 MP: 4/7
  2908 | D:3      | Learned a level 2 spell: Searing Ray
  2913 | D:3      | Learned a level 4 spell: Iskenderun's Mystic Blast
  2924 | D:3      | Reached skill level 1 in Fighting
  3004 | D:3      | Reached skill level 5 in Conjurations
  3037 | D:3      | Mangled by a wyvern skeleton

Illustrated notes

Levels and vault maps discovered:
D:1:      dpeg_arrival_rhombi, layout_basic,
          shapermc_ecumenical_altar_mp_ritualfount, st_stairs_1,
          nrook_mini_vaults
D:2:      layout_basic, serial_park_tiny_2, minmay_misc_feat_more_columns
D:3:      layout_rooms, lemuel_doored_altar, lemuel_coloured_pillars_altar

Skill      XL: |  1  2  3  4 |
---------------+-------------+-----
Dodging        | 2 |  2.0
Short Blades   | 1 |  1.7
Fighting       | 1 |  1.0
Conjurations   | 5 |  5.0
Stealth        | |  1.9
Unarmed Combat | |  0.1
Spellcasting   | |  2.5

Action                   |  1- 3 |  4- 6 || total
-------------------------+-------+-------++-------
Melee: Unarmed           |    10 |       ||    10
       Short sword       |    33 |     1 ||    34
       Whip              |       |    14 ||    14
       Punch             |       |     1 ||     1
 Cast: Magic Dart        |    73 |    24 ||    97
       Searing Ray       |       |     1 ||     1
  Use: Potion            |       |     1 ||     1
Armor: Robe              |    19 |     4 ||    23
Dodge: Dodged            |    38 |     6 ||    44
